 Dungeon Crawl Stone Soup version 0.31.0-11-ge490571c62 (webtiles) character file.

Game seed: 3329114983538255850

84 qw the Shooter (level 4, -1/25 HPs)
             Began as a Deep Elf Hunter on Feb 4, 2024.
             Succumbed to an adder's poison
             ... on level 3 of the Dungeon.
             The game lasted 00:00:10 (2384 turns).

qw the Shooter (Deep Elf Hunter)                    Turns: 2384, Time: 00:00:10

Health: -1/25      AC:  6    Str: 10    XL:     4   Next: 23%
Magic:  6/6        EV: 11    Int: 14    God:
Gold:   86         SH:  0    Dex: 18    Spells: 3/3 levels left

rFire   . . .        a - +0 shortbow
rCold   . . .        (shield currently unavailable)
rNeg    . . .        b - +1 ring mail
rPois   .            (no helmet)
rElec   .            (no cloak)
rCorr   .            (no gloves)
SInv    .            (no boots)
Will    .....        (no amulet)
Stlth   +            (no ring)
HPRegen 0.24/turn    (no ring)
MPRegen 0.10/turn

%: no passive effects
@: lethally poisoned (-1 -> -4)
A: no striking features
a: no special abilities


You were on level 3 of the Dungeon.
You visited 1 branch of the dungeon, and saw 3 of its levels.

You collected 86 gold pieces.


   Skills:
 - Level 1.5 Fighting
 + Level 7.6 Ranged Weapons
 - Level 2.4 Dodging
 - Level 1.2 Stealth


You had 3 spell levels left.
You didn't know any spells.
Your spell library was empty.

Inventory:

Hand Weapons
 a - a +0 shortbow (weapon)
Armour
 b - a +1 ring mail (worn)
Jewellery
 c - an amulet of faith
Scrolls
 d - a scroll of amnesia {unknown}
 f - a scroll of teleportation
Potions
 h - 2 potions of might
 i - a potion of mutation
 k - a potion of heal wounds {unknown}

Dungeon Overview and Level Annotations

Branches:
Dungeon (3/15)

Altars:
Qazlal
Trog
Uskayaw
The Shining One

Shops:
D:1 [   D:3 (

Annotations:
D:3 exclusion: endoplasm, Sigmund


Message History

You shoot an arrow.
The arrow hits the adder but does no damage.
The adder is almost dead.
You feel sick. The adder closely misses you. The adder bites you.
The adder closely misses you.
You shoot an arrow. The arrow misses the adder.
You feel sick. The adder bites you but does no damage.
The adder closely misses you.
The adder bites you but does no damage. x2
You shoot an arrow. The arrow barely misses the adder.
You feel sick. The adder misses you. The adder bites you but does no damage.
You shoot an arrow. The arrow closely misses the adder.
You feel sick.
You are no longer poisoned.
The adder closely misses you. The adder bites you.
You are poisoned.
The adder poisons you!
The adder bites you but does no damage. x2
You shoot an arrow. The arrow hits the adder.
You kill the adder!
You feel sick. The adder closely misses you.
You shoot an arrow. The arrow closely misses the adder.
You feel sick.
The adder bites you but does no damage. x2
You shoot an arrow. The arrow closely misses the adder.
You feel sick. The adder bites you but does no damage.
You shoot an arrow. The arrow misses the adder.
You feel sick. The adder bites you.
You are lethally poisoned!
The adder poisons you! The adder misses you.
2381 ||| READING 2 scrolls of teleportation.
As you read the scroll of teleportation, it crumbles to dust.
You feel strangely unstable.
You feel sick. The adder bites you.
You shoot an arrow. The arrow closely misses the adder.
You feel sick. The adder closely misses you.
The adder bites you but does no damage.
You shoot an arrow. The arrow hits the adder.
The adder is lightly wounded.
You feel sick. The adder bites you but does no damage.
You shoot an arrow. The arrow closely misses the adder.
Your surroundings suddenly seem different.
You die...

###....###########
'.'.............>#
###....#########.##########
# #....# #.##.......# #
#....# #.##..####.# #
###### #......# #.#
########### #.##########
#......)..# ###.# ##_##
#.##..###.# #..@# 8...8#
#.##..#.#.####.#.# .....#
......#...#<##.#.# ....._#
#.###.#!###.##...##.....##
..###.#.....<....# ...8#
...##.########.#.#
.........^.......#
..#...########.#.#
..#.#...[........#


There were no monsters in sight!

Vanquished Creatures
  2 adders
  A ribbon worm (D:2)
  5 orcs (D:3)
  5 bats
  7 endoplasms
  6 goblins
  3 hobgoblins
  2 jackals (D:1)
  2 quokkas (D:2)
  8 ball pythons
  A frilled lizard (D:3)
  7 kobolds
  3 rats
52 creatures vanquished.

Notes
Turn   | Place    | Note
-------+----------+-------------------------------------------
     0 | D:1      | qw the Deep Elf Hunter began the quest for the Orb.
     0 | D:1      | Reached XP level 1. HP: 12/12 MP: 3/3
     0 | D:1      | 0 ||| qw: Version: 0.3-a-160-g6735b56
     0 | D:1      | 0 ||| qw: Game counter: 4515
     0 | D:1      | 0 ||| qw: Melee chars always use a shield: true
     0 | D:1      | 0 ||| qw: God list: Okawaru
     0 | D:1      | 0 ||| qw: Allow faded altars: false
     0 | D:1      | 0 ||| qw: Do Orc after clearing Dungeon:15 true
     0 | D:1      | 0 ||| qw: Do second Lair branch before Depths: true
     0 | D:1      | 0 ||| qw: Lair rune preference: random
     0 | D:1      | 0 ||| qw: Goals: Normal
     0 | D:1      | 0 ||| PLANNING D:1-11
    36 | D:1      | HP: 3/12 [hobgoblin (3)]
   245 | D:1      | Reached skill level 6 in Ranged Weapons
   245 | D:1      | Reached XP level 2. HP: 16/16 MP: 4/4
   326 | D:1      | Found Ownygg's Armour Boutique.
   343 | D:1      | HP: 4/16 [rat (3)]
   347 | D:1      | 347 ||| SHOPLISTING +0 helmet (63 gold, have 6).
   347 | D:1      | 347 ||| SHOPLISTING +0 ring mail (56 gold, have 6).
   347 | D:1      | 347 ||| SHOPLISTING +0 scale mail of poison resistance (112
                  | gold, have 6).
   347 | D:1      | 347 ||| SHOPLISTING +1 robe "Aguda" {Rampage rElec Slay+2}
                  | (393 gold, have 6).
   708 | D:1      | 708 ||| READING scroll labelled ZALOVI ZICWONK.
   709 | D:1      | 709 ||| READING scroll labelled SOPNI ZOUDUTE.
   810 | D:1      | 810 ||| READING 3 scrolls labelled TUUKAFOBAD.
   815 | D:1      | 815 ||| READING scroll labelled LOWNOX KIRU.
   816 | D:1      | 816 ||| READING scroll labelled HIEGHA NALOPUEH.
   816 | D:1      | 816 ||| IDENTIFYING fizzy puce potion
   817 | D:1      | 817 ||| READING scroll labelled KIRPHAJ SURCHAOPN.
   817 | D:1      | 817 ||| ENCHANTING +0 shortbow.
   818 | D:1      | 818 ||| READING scroll labelled OKANIONGEDD.
   819 | D:1      | 819 ||| READING scroll labelled ZIYFIN OMELO.
   820 | D:1      | 820 ||| DRINKING 2 bubbling puce potions.
   821 | D:1      | 821 ||| DROPPING scroll of butterflies.
   822 | D:1      | 822 ||| DROPPING potion of attraction.
   943 | D:2      | Reached XP level 3. HP: 6/20 MP: 5/5
  1383 | D:2      | Found a stormy altar of Qazlal.
  1419 | D:2      | Reached skill level 7 in Ranged Weapons
  1791 | D:2      | You fall into a shaft and drop 1 floor!
  1795 | D:3      | Noticed Sigmund
  1802 | D:3      | HP: 4/20 [Sigmund/+0 scythe (11)]
  1803 | D:3      | 1803 ||| READING 3 scrolls of teleportation.
  1806 | D:3      | Found Cakon's Weapon Boutique.
  1808 | D:3      | 1808 ||| READING 2 scrolls of teleportation.
  1883 | D:3      | Found a hide-covered altar of Uskayaw.
  1917 | D:3      | Reached XP level 4. HP: 25/25 MP: 6/6
  2009 | D:3      | 2009 ||| UPGRADING to +0 ring mail.
  2019 | D:3      | 2019 ||| DROPPING +0 leather armour.
  2020 | D:3      | 2020 ||| READING scroll of enchant armour.
  2020 | D:3      | 2020 ||| ENCHANTING +0 ring mail.
  2021 | D:3      | 2021 ||| DROPPING ring of wizardry.
  2022 | D:3      | 2022 ||| READING 2 scrolls of identify.
  2022 | D:3      | 2022 ||| IDENTIFYING metallic clear potion
  2023 | D:3      | 2023 ||| READING scroll of identify.
  2023 | D:3      | 2023 ||| IDENTIFYING murky cyan potion
  2024 | D:3      | 2024 ||| READING 2 scrolls labelled QAINUE ALUT.
  2025 | D:3      | 2025 ||| READING scroll labelled TAEDEN HYLOF.
  2126 | D:3      | 2126 ||| DROPPING scroll of poison.
  2127 | D:3      | 2127 ||| DROPPING potion of ambrosia.
  2132 | D:3      | 2132 ||| FLEEEEING.
  2133 | D:3      | 2133 ||| STAIRDANCE
  2288 | D:3      | 2288 ||| STAIRDANCE
  2309 | D:3      | Found a bloodstained altar of Trog.
  2309 | D:3      | Found a glowing golden altar of the Shining One.
  2380 | D:3      | HP: 6/25 [adder (2)]
  2381 | D:3      | 2381 ||| READING 2 scrolls of teleportation.
  2381 | D:3      | HP: 2/25 [adder (2)]
  2384 | D:3      | Succumbed to an adder's poison

Levels and vault maps discovered:
D:1:      nzn_arrival_water_spiral, layout_loops_cross, serial_shops,
          nicolae_diamond_shop, nrook_mini_backslash
D:2:      layout_basic, basic_altar, minmay_hexomino_u4
D:3:      layout_basic, old_standard_altar, grunt_dithmenos_smoke,
          nicolae_overflow_hidden_temple, serial_shops,
          nicolae_shop_gibbet_a_chance, saegor_snake_ambush, uniq_sigmund

Skill      XL: |  1  2  3 |
---------------+----------+-----
Ranged Weapons | 6 7 |  7.6
Fighting       | |  1.5
Dodging        | |  2.4
Stealth        | |  1.2

Action                     |  1- 3 |  4- 6 || total
---------------------------+-------+-------++-------
   Fire: Shortbow          |   153 |    30 ||   183
    Use: Scroll            |    10 |     6 ||    16
         Potion            |     1 |       ||     1
 Armour: Leather armour    |    38 |       ||    38
         Ring mail         |       |    25 ||    25
  Dodge: Dodged            |    46 |    28 ||    74

Table legend:
 A = Non-vault XP
 B = Vault XP
 C = Vault XP percentage of total XP
 D = Non-vault monster count
 E = Vault monster count
 F = Vault count percentage of total count
                 A         B        C        D         E       F
            +---------+---------+-------+---------+---------+-------
      Total |      98 |      22 |  18.3 |      45 |       7 |  13.5
            +---------+---------+-------+---------+---------+-------
        D:1 |      32 |       0 |   0.0 |      18 |       0 |   0.0
        D:2 |      39 |       6 |  13.3 |      15 |       4 |  21.1
        D:3 |      27 |      16 |  37.2 |      12 |       3 |  20.0
            +---------+---------+-------+---------+---------+-------
